AoeStats
← Chris77A

Black Forest

504233179Analyzed
2v2 RM · 28d ago on Sep 4, 2026· 47m 12s· 4 players
Game mode
Random Map
Map size
Medium (4 player)
Population
200
Speed
Normal
Resources
Standard
Victory
Conquest
Starting age
Dark Age
Ending age
Imperial Age
RankedLock teamsTeams togetherTeam positionsShared explorationLock speedFull tech treeHidden civsTurbo modeCheats
Victory
Defeat
🇬🇧 Poles · United Kingdom
1285
+12
🇬🇧 Teutons · United Kingdom
1220
+16
🇪🇸 Chinese · Spain
1225
-15
🇪🇸 Portuguese · Spain
1185
-13
NIKA
0:48 Loom
11:43 Feudal Age
12:13 Double-Bit Axe
17:38 Castle Age
19:38 Bow Saw
20:15 Fishing Lines
21:50 Town Watch
22:48 Gillnets
29:24 Imperial Age
28:15 Wheelbarrow
27:13 Pikeman
28:23 Scale Mail Armor
28:34 Forging
29:56 Fortified Wall
31:25 Chemistry
31:31 Hand Cart
31:09 Gold Mining
32:47 Town Patrol
33:46 Halberdier
34:57 Arson
35:53 Chain Mail Armor
38:47 Conscription
39:11 Arquebus
40:43 Plate Mail Armor
44:02 Light Cavalry
44:55 Bloodlines
44:46 Husbandry
agr
0:33 Loom
11:41 Feudal Age
12:08 Double-Bit Axe
14:25 Gold Mining
16:19 Stone Mining
20:25 Town Watch
22:21 Wheelbarrow
25:45 Castle Age
24:20 Fletching
30:10 Imperial Age
28:24 Bodkin Arrow
29:05 Bow Saw
30:06 Gold Shaft Mining
29:25 Fishing Lines
30:09 Hand Cart
31:09 Ballistics
32:18 Chemistry
33:44 Masonry
36:08 Bracer
36:31 Pikeman
37:28 Scale Mail Armor
38:24 Fortified Wall
37:53 Heavy Rocket Cart
39:15 Conscription
41:00 Forging
45:03 Two-Man Saw
44:39 Halberdier
45:20 Squires
Chris77A
0:40 Loom
12:06 Feudal Age
16:31 Castle Age
15:47 Double-Bit Axe
15:46 Horse Collar
17:11 Wheelbarrow
19:13 Bow Saw
24:43 Hand Cart
26:18 Town Watch
27:04 Heavy Plow
32:07 Imperial Age
29:38 Fletching
32:11 Scale Barding Armor
32:17 Forging
32:02 Bodkin Arrow
32:08 Padded Archer Armor
32:25 Fortified Wall
33:12 Conscription
34:06 Chemistry
32:33 Cavalier
33:25 Bloodlines
33:42 Chain Barding Armor
33:49 Stone Mining
33:53 Gold Mining
33:27 Pikeman
33:53 Arson
34:09 Squires
34:16 Onager
35:09 Caravan
36:12 Two-Man Saw
35:37 Town Patrol
36:16 Plate Barding Armor
36:17 Iron Casting
35:45 Scale Mail Armor
36:35 Siege Engineers
36:41 Masonry
38:45 Ballistics
40:31 Blast Furnace
39:32 Padded Archer Armor
39:36 Paladin
39:54 Elite Skirmisher
40:03 Siege Onager
41:56 Chain Mail Armor
42:53 Ironclad
44:46 Plate Mail Armor
45:12 Leather Archer Armor
45:38 Ironclad
45:38 Conscription
45:39 Crenellations
44:40 Elite Teutonic Knight
45:55 Hoardings
DrunkMonk
4:13 Loom
11:24 Feudal Age
12:01 Double-Bit Axe
14:37 Forging
18:47 Castle Age
16:57 Horse Collar
18:48 Gold Mining
20:07 Bow Saw
21:40 Bloodlines
22:11 Scale Barding Armor
23:21 Town Watch
26:25 Wheelbarrow
31:21 Imperial Age
29:52 Szlachta Privileges
30:52 Heavy Plow
32:07 Fletching
32:39 Chain Barding Armor
31:44 Cavalier
32:25 Husbandry
34:22 Chemistry
33:43 Ballistics
34:23 Conscription
38:06 Iron Casting
38:11 Crop Rotation
39:42 Light Cavalry
40:50 Bodkin Arrow
41:39 Siege Engineers
41:41 Winged Hussar
44:22 Blast Furnace
43:22 Bracer
45:10 Hoardings
45:13 Caravan
Connection lost

Rejoining the realm…

Still unreachable

The connection could not be restored.

Session expired

The server has moved on; the page needs a fresh start.